 Seeded DCSS version 0.27.1-34-g3ba077fa99 (webtiles) character file.

Game seed: 74894893043 (custom seed)

7314 lonewolfV2 the Blocker (level 10, -17/89 (90) HPs)
             Began as a Minotaur Fighter on Jan 6, 2022.
             Was an Initiate of Ashenzari.
             Shot with an arrow by a deep elf archer (20 damage)
             ... on level 1 of the Elven Halls.
             The game lasted 00:23:18 (10913 turns).

lonewolfV2 the Blocker (Minotaur Fighter)          Turns: 10913, Time: 00:23:18

HP:   -17/89 (90)   AC: 15    Str: 20    XL:     10   Next: 90%
MP:   0/18          EV: 13    Int:  5    God:    Ashenzari [......]
Gold: 421           SH:  7    Dex: 18    Spells: 9/9 levels left

rFire    . . .     SeeInvis .   F - +8 trident "Quumaleh" {drain, rElec}
rCold    + . .     Faith    .   w - +0 buckler of the Butcher {Rampage Fly MP+9}
rNeg     . . .     Spirit   +   k - +4 scale mail
rPois    +         Reflect  .   (helmet restricted)
rElec    +         Harm     .   i - +2 cloak
rCorr    .         Rampage  +   (no gloves)
Will     +....                  (no boots)
Stlth    +.........             l - amulet of guardian spirit
HPRegen  0.24/turn              z - +6 ring of dexterity
MPRegen  0.16/turn              e - ring of poison resistance

@: mighty, about to teleport, flying, slowed, lightly drained, very slow
A: horns 2, retaliatory headbutt, clumsy 1, cold resistance 1, strong-willed 1
a: Renounce Religion


You were on level 1 of the Elven Halls.
You worshipped Ashenzari.
Ashenzari was noncommittal.
You visited 3 branches of the dungeon, and saw 12 of its levels.

You collected 541 gold pieces.
You spent 120 gold pieces at shops.

Inventory:

Hand Weapons
 a - a +0 war axe
 o - a +2 dagger of speed
 B - a +2 spear
 E - a +3 dire flail
 F - the +8 trident "Quumaleh" (weapon) {drain, rElec}
   (You found it on level 8 of the Dungeon)

   A truly terrible weapon, it drains the life of any living foe it strikes.
   rElec:     It insulates you from electricity.
Missiles
 t - a throwing net
Armour
 i - a +2 cloak (worn)
 k - a +4 scale mail (worn)
 w - the +0 buckler of the Butcher (worn) {Rampage Fly MP+9}
   (You acquired it on level 7 of the Dungeon)

   MP:        It affects your magic capacity (+9).
   Fly:       It grants you flight.
   Rampage:   It bestows one free step when moving towards enemies.
Jewellery
 e - a ring of poison resistance (right hand)
 l - an amulet of guardian spirit (around neck)
 s - a ring of fire
 z - a +6 ring of dexterity (left hand)
 A - an amulet of faith
 C - an amulet of regeneration
Wands
 h - a wand of paralysis (11)
 n - a wand of flame (19) (quivered)
 p - a wand of iceblast (13)
 x - a wand of digging (10)
 y - a wand of polymorph (11)
Scrolls
 b - 4 scrolls of teleportation
Potions
 d - a potion of might
 f - a potion of haste
 j - 2 potions of lignification
 m - 3 potions of attraction
 r - a potion of brilliance
 u - 8 potions of degeneration
 v - a potion of invisibility


   Skills:
 + Level 8.6 Fighting
 + Level 8.5 Short Blades
 + Level 5.6(6.6) Axes
 + Level 5.1(6.3) Polearms
 + Level 8.3 Armour
 + Level 6.4 Dodging
 + Level 1.2 Stealth
 + Level 10.1 Shields
 + Level 0.4 Evocations


You had 9 spell levels left.
You didn't know any spells.
Your spell library contained the following spells:

 Spells                   Type           Power      Damage    Failure   Level
 Beastly Appendage        Tmut           0%         N/A       78%         1
 Freeze                   Ice            0%         1d3       78%         1
 Wereblood                Tmut           0%         N/A       89%         2
 Frozen Ramparts          Ice            0%         1d2       98%         3
 Spider Form              Tmut/Pois      0%         N/A       98%         3
 Hailstorm                Conj/Ice       0%         3d3       100%        4


Dungeon Overview and Level Annotations

Branches:
Dungeon (9/15)             Temple (0/1) D:5             Orc (2/2) D:9
    Elf (1/3) Orc:2
   Lair: D:8-11

Altars:
Ashenzari
Dithmenos
Makhleb
The Shining One

Shops:
D:7 !**   D:8 =![(=   Orc:1 (


Innate Abilities, Weirdness & Mutations

You have a pair of horns on your head.
You reflexively headbutt those who attack you in melee.
You are clumsy. (Dex -2)
Your flesh is cold resistant. (rC+)
You are strong-willed. (Will+)


Message History

You puncture the deep elf archer! You drain the deep elf archer.
The deep elf archer is moderately wounded.
The deep elf archer points at you and mumbles some strange words.
You feel yourself slow down.
The deep elf pyromancer points at you and mumbles some strange words.
The bolt of fire hits you!!
* * * LOW HITPOINT WARNING * * *
You feel better. You block the deep elf archer's attack.
The deep elf archer shoots an arrow.
The arrow closely misses you.
The deep elf archer hits you with a +0 short sword!
* * * LOW HITPOINT WARNING * * *
The deep elf archer blinks!
You miss the deep elf pyromancer. You headbutt the deep elf pyromancer.
The deep elf pyromancer is lightly wounded.
The deep elf pyromancer misses you. You furiously retaliate!
You headbutt the deep elf pyromancer! The deep elf archer misses you.
The deep elf pyromancer hits you but does no damage.
You puncture the deep elf pyromancer! You drain the deep elf pyromancer.
Your headbutt misses the deep elf pyromancer.
The deep elf pyromancer is severely wounded.
The deep elf archer hits you with a +0 short sword.
* * * LOW HITPOINT WARNING * * *
The deep elf archer shoots an arrow.
The arrow hits you!
* * * LOW HITPOINT WARNING * * *
The deep elf pyromancer points at you and mumbles some strange words.
You block the sticky flame. The deep elf archer closely misses you.
You furiously retaliate!
You headbutt the deep elf archer, but do no damage.
The deep elf archer shoots an arrow.
You block the arrow.
As you read the scroll of teleportation, it crumbles to dust.
You feel strangely unstable.
The deep elf pyromancer hits you but does no damage.
The deep elf archer hits you with a +0 short sword.
* * * LOW HITPOINT WARNING * * *
The deep elf archer shoots an arrow.
You block the arrow.
You block the deep elf pyromancer's attack.
You feel very mighty all of a sudden.
The deep elf archer hits you but does no damage.
The deep elf archer shoots an arrow.
The arrow hits you!!
You die...

#################################
.........)<.....@e...............
.............e..e................
###+###################..########
#..# #..# #.e# #..# ..#e.'..#
..#.e#..#


You could see 2 deep elf archers and a deep elf pyromancer (drained).

Vanquished Creatures
  Pikel (D:5)
  A cyclops (D:8)
  The ghost of Ironcache the Magician, a novice DjCj of Nemelex Xobeh (D:6)
  2 orc sorcerers
  Grinder (D:3)
  Prince Ribbit (D:5)
  Grum (D:8)
  A steam dragon (D:6)
  Menkaure (D:5)
  2 water moccasins
  A swamp drake (D:9)
  A black bear (D:4)
  8 orc warriors
  2 sky beasts
  A necrophage (D:6)
  3 wolves (D:8)
  3 ogres
  4 centaurs
  2 phantoms
  A kobold brigand (D:9)
  3 bullfrogs
  13 killer bees
  4 wights (D:8)
  4 howler monkeys
  2 hounds
  6 orc priests
  A bullfrog skeleton (D:5)
  A centaur skeleton (D:4)
  2 gnoll shamans
  6 orc wizards
  Robin (D:4)
  2 howler monkey skeletons
  7 adders
  18 gnolls
  3 shadow imps
  3 ufetubi (D:5)
  An adder skeleton (D:4)
  3 worms
  A dart slug (D:4)
  41 orcs
  5 bats
  7 endoplasms
  A giant cockroach (D:2)
  16 goblins
  7 hobgoblins
  3 jackals (D:2)
  3 quokkas
  5 ball pythons
  2 frilled lizards
  18 kobolds
  5 rats
232 creatures vanquished.

Vanquished Creatures (others)
  2 orc wizards
2 creatures vanquished.

Grand Total: 234 creatures vanquished

Notes
Turn   | Place    | Note
-------+----------+-------------------------------------------
     0 | D:1      | lonewolfV2 the Minotaur Fighter began the quest for the
                  | Orb.
     0 | D:1      | Reached XP level 1. HP: 19/19 MP: 0/0
   125 | D:1      | Reached skill level 4 in Shields
   190 | D:1      | Reached XP level 2. HP: 24/27 MP: 1/1
   277 | D:1      | Found a faded altar of an unknown god.
  1009 | D:2      | Reached XP level 3. HP: 32/33 MP: 2/2
  1458 | D:3      | Reached XP level 4. HP: 40/40 MP: 3/3
  1888 | D:3      | Noticed Grinder
  1895 | D:3      | Paralysed by Grinder for 7 turns
  1910 | D:3      | Paralysed by Grinder for 2 turns
  1914 | D:3      | Paralysed by Grinder for 4 turns
  1924 | D:3      | Paralysed by Grinder for 4 turns
  1932 | D:3      | Killed Grinder
  1933 | D:3      | Reached skill level 5 in Axes
  1933 | D:3      | Reached skill level 1 in Dodging
  1933 | D:3      | Reached XP level 5. HP: 11/47 MP: 4/4
  1933 | D:3      | Reached XP level 6. HP: 12/53 MP: 5/5
  2786 | D:4      | Reached skill level 1 in Short Blades
  2790 | D:4      | Reached skill level 5 in Shields
  3058 | D:4      | Reached skill level 5 in Armour
  3576 | D:4      | Noticed Robin
  3591 | D:4      | Reached XP level 7. HP: 55/60 MP: 6/6
  3615 | D:4      | Killed Robin
  3616 | D:4      | Reached skill level 5 in Fighting
  3939 | D:5      | Entered Level 5 of the Dungeon
  3967 | D:5      | Noticed Prince Ribbit
  3986 | D:5      | Killed Prince Ribbit
  3987 | D:5      | Reached skill level 6 in Shields
  4084 | D:5      | Noticed Pikel
  4113 | D:5      | Killed Pikel
  4114 | D:5      | Reached skill level 7 in Shields
  4114 | D:5      | Reached XP level 8. HP: 43/69 MP: 7/7
  4312 | D:5      | Found the +0 mask of the Dragon {Will+ Slay+3 SInv}
  4316 | D:5      | Found a staircase to the Ecumenical Temple.
  4610 | D:5      | Noticed Menkaure
  4623 | D:5      | Killed Menkaure
  5392 | D:6      | Reached skill level 8 in Shields
  5397 | D:6      | Reached skill level 5 in Short Blades
  6185 | D:6      | Reached XP level 9. HP: 54/75 MP: 8/8
  6342 | D:6      | Found a runed translucent door.
  6345 | D:6      | Noticed Ironcache's ghost (novice DjCj)
  6538 | D:6      | You fall into a shaft and drop 2 floors!
  6538 | D:8      | Found Joiwn's Jewellery Boutique.
  6875 | D:7      | Found Azixil's Distillery.
  7254 | D:6      | Killed Ironcache's ghost
  7255 | D:6      | Reached skill level 1 in Stealth
  7255 | D:6      | Reached skill level 9 in Shields
  7614 | D:7      | Bought a potion of heal wounds for 60 gold pieces
  7614 | D:7      | Bought a potion of heal wounds for 60 gold pieces
  7689 | D:7      | Found Juomyane's General Store.
  7806 | D:7      | Reached skill level 5 in Dodging
  7971 | D:7      | Found Hieguvix's Assorted Antiques.
  7981 | D:7      | Identified a scroll of acquirement
  7981 | D:7      | Acquired the +0 buckler of the Butcher {Rampage Fly MP+9}
  8426 | D:8      | Found Ceweith's Distillery.
  8453 | D:8      | Reached XP level 10. HP: 86/86 MP: 9/9
  8581 | D:8      | Noticed Grum
  8608 | D:8      | Killed Grum
  8761 | D:8      | Found Lyopext's Weapon Shoppe.
  8818 | D:8      | Found Roesowas's Armour Boutique.
  8932 | D:8      | Noticed a cyclops
  8948 | D:8      | Killed a cyclops
  8960 | D:8      | Identified the +8 trident "Quumaleh" {drain, rElec}
  9134 | D:8      | Found Zugoabli's Jewellery Shoppe.
  9591 | D:8      | Gained mutation: You are clumsy. (Dex -2) [potion of
                  | mutation]
  9591 | D:8      | Gained mutation: Your flesh is cold resistant. (rC+)
                  | [potion of mutation]
  9958 | D:9      | Found a glowing golden altar of the Shining One.
 10052 | D:9      | Reached skill level 1 in Polearms
 10060 | D:9      | Found a shadowy altar of Dithmenos.
 10066 | D:9      | Found a burning altar of Makhleb.
 10066 | D:9      | Found a broken altar of Ashenzari.
 10100 | D:9      | Became a worshipper of Ashenzari the Shackled
 10161 | D:9      | Found a staircase to the Orcish Mines.
 10304 | Orc:1    | Entered Level 1 of the Orcish Mines
 10305 | Orc:1    | Found Ittan's Weapon Boutique.
 10319 | Orc:1    | Reached skill level 10 in Shields
 10360 | Orc:2    | Entered Level 2 of the Orcish Mines
 10360 | Orc:2    | Found a staircase to the Elven Halls.
 10367 | Orc:2    | Noticed an orc sorcerer
 10374 | Orc:2    | Killed an orc sorcerer
 10382 | Orc:2    | Noticed an orc sorcerer
 10390 | Orc:2    | Paralysed by an orc sorcerer for 4 turns
 10394 | Orc:2    | Noticed an orange demon
 10395 | Orc:2    | Gained mutation: You are strong-willed. (Will+) [a neqoxec]
 10405 | Orc:2    | Noticed an orange demon
 10409 | Orc:2    | Noticed a smoke demon
 10414 | Elf:1    | Entered Level 1 of the Elven Halls
 10420 | Elf:1    | Killed an orc sorcerer
 10421 | Elf:1    | Reached skill level 5 in Polearms
 10883 | Elf:1    | Noticed a deep elf archer
 10883 | Elf:1    | Noticed a deep elf archer
 10884 | Elf:1    | Noticed a deep elf pyromancer
 10912 | Elf:1    | HP: 2/89 [deep elf archer (3)]
 10913 | Elf:1    | Shot with an arrow by a deep elf archer

Illustrated notes

Levels and vault maps discovered:
D:1:      nagdon_arrival_zigzag_paths, layout_basic,
          shapermc_ecumenical_altar_venn
D:2:      layout_rooms, grunt_decor_resistance
D:3:      layout_basic, uniq_grinder
D:4:      layout_rooms, minmay_misc_feat_diagonals, corexii_checkpoint_b,
          uniq_robin
D:5:      layout_basic, temple_statues, serial_corexii_hall,
          corexii_hall_statues_x, corexii_hall_statues_l, uniq_menkaure,
          uniq_pikel, uniq_prince_ribbit1
D:6:      layout_rooms, hellmonk_ghost_happy_afterlife
D:7:      layout_gridville, serial_shops, shop, nicolae_shop_trees,
          nicolae_inconvenience_store
D:8:      layout_cave_pools, serial_shops, shop, nicolae_shop_waterfront,
          nicolae_take_the_stairs, shop, shop, kennysheep_cluttered_room,
          kennysheep_just_a_vault, uniq_grum
D:9:      layout_rooms, grunt_temple_overflow_open, erik_orc_1, uniq_psyche
Orc:1:    layout_diamond_mine, serial_shops, shop
Orc:2:    st_orc_ogre_mass, layout_caves, basic_altar
Elf:1:    layout_onion_city, minivault_28, hellmonk_guarded_unrand_damnation

Skill      XL: |  1  2  3  4  5  6  7  8  9 10 |
---------------+-------------------------------+-----
Shields        | 4 5 7 8 9 10 | 10.1
Fighting       | 4 5 6 7 8 |  8.6
Armour         | 4 5 6 7 8 |  8.3
Axes           | 3 5 |  5.6
Dodging        | 1 3 4 5 6 |  6.4
Short Blades   | 1 3 5 7 8 |  8.5
Stealth        | 1 |  1.2
Polearms       | 5 |  5.1
Evocations     | |  0.4

Action                   |  1- 3 |  4- 6 |  7- 9 | 10-12 || total
-------------------------+-------+-------+-------+-------++-------
Melee: War axe           |    84 |    43 |       |       ||   127
       Headbutt          |     8 |    26 |   106 |    75 ||   215
       Dagger            |       |   104 |   506 |   132 ||   742
       Trident           |       |       |       |   124 ||   124
Evoke: Wand              |       |       |     5 |       ||     5
  Use: Scroll            |     3 |     3 |     7 |     4 ||    17
       Potion            |       |       |    10 |     5 ||    15
 Stab: Confused          |       |       |       |     1 ||     1
Armor: Scale mail        |    53 |   112 |   229 |   106 ||   500
Dodge: Dodged            |    22 |    62 |   146 |   157 ||   387
Block: Kite shield       |    53 |   101 |   285 |       ||   439
       Buckler           |       |       |     3 |   105 ||   108
